 Dungeon Crawl Stone Soup version 0.25-a0-2-g6559c6c (webtiles) character file.

Game seed: 1619024593584174798, levelgen mode: deterministic

53 robertstho the Insei (level 3, -1/18 HPs)
             Began as a Vine Stalker Transmuter on Oct 14, 2019.
             Slain by a worm (3 damage)
             ... on level 1 of the Dungeon.
             The game lasted 00:02:26 (1477 turns).

robertstho the Insei (Vine Stalker Transmuter)      Turns: 1477, Time: 00:02:27

Health: -1/18      AC:  2    Str: 12    XL:     3   Next: 87%
Magic:  0/8        EV: 12    Int: 14    God:
Gold:   36         SH:  0    Dex: 14    Spells: 1/7 levels left

rFire    . . .     SeeInvis .     - Unarmed
rCold    . . .     Gourm    .   (no shield)
rNeg     . . .     Faith    .   b - +0 robe
rPois    .         Spirit   +   (no helmet)
rElec    .         Reflect  .   (no cloak)
rCorr    .         Harm     .   (no gloves)
MR       .....                  (no boots)
Stlth    +.........             (no amulet)
HPRegen  0.06/turn              (no ring)
MPRegen  0.11/turn              (no ring)

@: no status effects
A: fangs 2, magic shield, antimagic bite, no potion heal 3, rot immunity
a: no special abilities


You were on level 1 of the Dungeon.
You were hungry.

You visited 1 branch of the dungeon, and saw 2 of its levels.

You collected 36 gold pieces.

Inventory:

Missiles
 a - 8 arrows
 f - 12 poisoned darts (quivered)
Armour
 b - a +0 robe (worn)
Scrolls
 c - a scroll of fear {unknown}
 e - a scroll of remove curse {unknown}
 h - a scroll of teleportation {unknown}
 j - a scroll of fog {unknown}
Potions
 i - a potion of invisibility {unknown}
Comestibles
 d - 6 rations
 g - 8 chunks of flesh


   Skills:
 * Level 1.5 Fighting
 + Level 1.7 Dodging
 + Level 0.1 Stealth
 + Level 3.6 Unarmed Combat
 * Level 2.7 Spellcasting
 + Level 2.5 Transmutations


You had one spell level left.
You knew the following spells:

 Your Spells              Type           Power        Failure   Level  Hunger
a - Beastly Appendage     Tmut           #.....       8%          1    #......
b - Sticks to Snakes      Tmut           #.......     12%         2    ###....
c - Spider Form           Tmut/Pois      #.........   36%         3    ###....

Your spell library contained the following spells:

 Spells                   Type           Power        Failure   Level  Hunger
 Ice Form                 Ice/Tmut       #.......     78%         4    #####..
 Blade Hands              Tmut           #.........   91%         5    ######.


Dungeon Overview and Level Annotations

Branches:
Dungeon (2/15)

Altars:


Innate Abilities, Weirdness & Mutations

You have extremely sharp teeth.
When hurt, damage is shared between your health and your magic reserves.
Your bite disrupts and absorbs the magic of your enemies.
Potions cannot restore your health.
You are immune to rotting.


Message History

The worm closely misses you.
You hit the worm but do no damage.
The worm is poisoned.
The worm misses you.
You hit the worm.
The worm looks as sick as possible!
The worm is heavily wounded.
You are feeling hungry.
The worm completely misses you. The worm barely misses you.
You hit the worm.
The worm is moderately wounded.
You hit the worm but do no damage.
The worm looks as sick as possible!
The worm is severely wounded.
The worm bites you! x2
* * * LOW HITPOINT WARNING * * *
You climb upwards.
Your transformation has ended.
Your +0 robe unmelds from your body.
There is a stone staircase leading down here.
The worm bites you.
* * * LOW HITPOINT WARNING * * *
The worm bites you.
You die...

###.#..).......รท......
#...#.........#.##...#
#.###.#######.#.##...#
#.# #.# #.#.###.## #.#
#.# #.......# #.# #.#
#.#.##### #.#
#.#########.# #.#
#.##......#.#
####.###@##.####.#.######
#.....#w>w.......(.......
#.....#.########.#.######
#.....#.# #...#.# ####
#.....#.# #.###+###...
####'##.######.......[.#.
#.......>...........#.
######.#######.......###
#....#.# #.......#


You could see 2 worms.

Vanquished Creatures
  2 oozes (D:1)
  A worm (D:2)
  A dart slug (D:1)
  3 leopard geckos
  2 giant cockroaches (D:1)
  3 goblins (D:1)
  3 hobgoblins (D:1)
  9 jackals (D:1)
  4 bats (D:1)
  A frilled lizard (D:1)
  A kobold (D:1)
  2 rats (D:1)
32 creatures vanquished.

Vanquished Creatures (collateral kills)
  A kobold (D:1)
  A frilled lizard (D:1)
2 creatures vanquished.

Grand Total: 34 creatures vanquished

Notes
Turn   | Place    | Note
-------+----------+-------------------------------------------
     0 | D:1      | robertstho the Vine Stalker Transmuter began the quest for
                  | the Orb.
     0 | D:1      | Reached XP level 1. HP: 9/9 MP: 4/4
    47 | D:1      | Reached skill level 1 in Fighting
    49 | D:1      | Reached XP level 2. HP: 6/14 MP: 6/6
   556 | D:1      | Learned a level 2 spell: Sticks to Snakes
   839 | D:1      | Reached XP level 3. HP: 18/18 MP: 7/7
   912 | D:1      | Learned a level 3 spell: Spider Form
  1477 | D:1      | Slain by a worm

Levels and vault maps discovered:
D:1:      lemuel_arrival_cross, layout_basic
D:2:      layout_basic

Skill      XL: |  1 |
---------------+----+-----
Fighting       | 1 |  1.5
Dodging        | |  1.7
Stealth        | |  0.1
Unarmed Combat | |  3.6
Spellcasting   | |  2.7
Transmutations | |  2.5

Action                   || total
-------------------------++-------
Melee: Unarmed           ||   107
       Bite              ||    18
       Headbutt          ||     5
       Punch             ||     2
 Cast: Beastly Appendage ||     5
       Sticks to Snakes  ||     4
       Spider Form       ||     3
 Stab: Sleeping          ||     1
  Eat: Chunk             ||     2
Armor: Robe              ||    15
       Skin              ||     1
Dodge: Dodged            ||    78

Table legend:
 A = Non-vault XP
 B = Vault XP
 C = Vault XP percentage of total XP
 D = Non-vault monster count
 E = Vault monster count
 F = Vault count percentage of total count
                 A         B        C        D         E       F
            +---------+---------+-------+---------+---------+-------
      Total |      76 |       0 |   0.0 |      34 |       0 |   0.0
            +---------+---------+-------+---------+---------+-------
        D:1 |      68 |       0 |   0.0 |      32 |       0 |   0.0
        D:2 |       8 |       0 |   0.0 |       2 |       0 |   0.0
            +---------+---------+-------+---------+---------+-------
